 Dungeon Crawl Stone Soup version 0.19-a0-1193-g2641e52 (webtiles) character file.

155 Gagarin the Digger (level 5, -4/28 HPs)
             Began as a Gargoyle Earth Elementalist on Aug 19, 2016.
             Slain by a worker ant (6 damage)
             ... on level 3 of the Dungeon.
             The game lasted 00:14:12 (3030 turns).

Gagarin the Digger (Gargoyle Earth Elementalist)    Turns: 3030, Time: 00:14:13

Health: -4/28      AC:  6    Str: 12    XL:     5   Next: 37%
Magic:  2/10       EV: 17    Int: 16    God:
Gold:   111        SH:  0    Dex: 15    Spells: 2 memorised, 7 levels left

rFire  . . .     SeeInvis .     b - 55 stones
rCold  . . .     Gourm    .     c - +0 robe
rNeg   + . .     Faith    .     (no shield)
rPois  ∞         Spirit   .     (no helmet)
rElec  +         Dismiss  .     (no cloak)
rCorr  .         Reflect  .     (no gloves)
MR     .....     Harm     .     (no boots)
Stlth  +++.......               (no amulet)
                                (no ring)
                                (no ring)

@: agile, very slightly contaminated
A: negative energy resistance 1, electricity resistance, unbreathing,
petrification resistance, rot immunity, AC +4
a: no special abilities


You were on level 3 of the Dungeon.
You were not hungry.

You visited 1 branch of the dungeon, and saw 4 of its levels.

You collected 111 gold pieces.

Inventory:

Hand Weapons
 p - a +0 whip
Missiles
 b - 55 stones (in hand)
Armour
 c - a +0 robe (worn)
Jewellery
 j - a cursed amulet of inaccuracy {unknown}
Scrolls
 a - a scroll of identify {unknown}
 f - 2 scrolls of fear {unknown}
 g - a scroll of recharging {unknown}
 h - 2 scrolls of teleportation {unknown}
 i - a scroll of amnesia {unknown}
 k - 3 scrolls of remove curse {unknown}
 o - a scroll of immolation {unknown}
 q - 2 scrolls of magic mapping {unknown}
 t - a scroll of noise {unknown}
 v - a scroll of enchant weapon {unknown}
Potions
 l - a potion of lignification {unknown}
 m - a potion of agility
 n - a potion of mutation {unknown}
 r - a potion of brilliance {unknown}
 u - a potion of haste {unknown}
Books
 e - a book of Geomancy

   Spells                             Type                      Level
   a - Sandblast                      Earth                        1
   b - Passwall                       Transmutation/Earth          2
   c - Stone Arrow                    Conjuration/Earth            3
   d - Petrify                        Transmutation/Earth          4
   e - Lee's Rapid Deconstruction     Earth                        5
Comestibles
 d - 5 bread rations


   Skills:
 - Level 1.5 Dodging
 - Level 2.1 Stealth
 * Level 3.9 Spellcasting
 + Level 2.2 Conjurations
   Level 0.7 Transmutations
 + Level 4.6 Earth Magic


You had 7 spell levels left.
You knew the following spells:

 Your Spells              Type           Power        Failure   Level  Hunger
a - Sandblast             Erth           ###...       2%          1    None
b - Stone Arrow           Conj/Erth      ##....       14%         3    ###....


Dungeon Overview and Level Annotations

Branches:
Dungeon (4/15)
 Temple: D:4-7

Altars:
Makhleb
The Shining One

Annotations:
D:3 Shenda's ghost, amateur SpAs


Innate Abilities, Weirdness & Mutations

You are resistant to torment.
Your stone body is resilient. (AC +4)
You are immune to poison.
You resist negative energy. (rN+)
You are resistant to electric shocks. (rElec)
You can survive without breathing.
You are immune to petrification.
You are immune to rotting.


Message History

Confirm with . or Enter, or press ? or * to list all spells.
Aiming: Sandblast
Press: ? - help, Shift-Dir - straight line, f - worker ant
Aim: a worker ant (moderately wounded)
The rocky blast misses the worker ant.
The worker ant barely misses you.
The worker ant bites you but does no damage.
The worker ant bites you.
You climb upwards.
Level annotation: Shenda's ghost, amateur SpAs
There is a stone staircase leading down here.
The worker ant misses you.
There is an open door here.
The worker ant bites you.
* * * LOW HITPOINT WARNING * * *
It was a potion of agility.
You feel agile all of a sudden. The worker ant bites you.
* * * LOW HITPOINT WARNING * * *
The worker ant bites you.
You die...

####..#.......###.#......# #.#
......#.......# #.#.#.#..# #.#
..........#+#.# #.#.#.#..###.#
##......###...# #.#.#[#..#.#.#
##............###.#.#.#..#.#.#
.............>......#.#..#.#.#
##.###.....)........#.#....###
#.# #............#.#.#....# ##.#
#..........@.#.#.#....###
...####'######'##a#.#........###
....#........#.##.....#........#
###....).....#.##.#.#......###.##
#.#........#...................
###.#........########..........##
.............## #......###.##
##............# #............
.....#..#.###.#######..........##


You could see a worker ant.

Vanquished Creatures
  An iguana (D:4)
  5 adders
  An ooze (D:3)
  2 worms (D:2)
  2 dart slugs (D:1)
  3 giant geckos (D:2)
  5 orcs (D:3)
  3 giant cockroaches
  11 goblins
  6 hobgoblins
  4 kobolds
  A quokka (D:2)
  A ball python (D:1)
  4 bats
  4 giant newts
  10 rats
63 creatures vanquished.

Notes
Turn   | Place    | Note
-------+----------+-------------------------------------------
     0 | D:1      | Gagarin the Gargoyle Earth Elementalist began the quest for the Orb.
     0 | D:1      | Reached XP level 1. HP: 10/10 MP: 3/3
   425 | D:1      | Reached XP level 2. HP: 15/15 MP: 1/5
   829 | D:1      | Reached skill level 4 in Earth Magic
   916 | D:1      | Reached XP level 3. HP: 17/19 MP: 5/7
  1201 | D:2      | Learned a level 3 spell: Stone Arrow
  1515 | D:2      | Reached skill level 1 in Conjurations
  1655 | D:2      | Reached XP level 4. HP: 24/24 MP: 3/8
  1970 | D:2      | Found a burning altar of Makhleb.
  2394 | D:3      | Noticed Shenda's ghost (amateur SpAs)
  2543 | D:3      | Found a glowing golden altar of the Shining One.
  2701 | D:3      | Reached XP level 5. HP: 25/28 MP: 1/10
  3030 | D:3      | Slain by a worker ant

Vault maps used:
D:1:      ncdulo_halloftheorcs, grunt_decor_arrowhead, kennysheep_boxes
D:2:      lightli_temple_of_fire
D:3:      first_bread, nicolae_tso_carved_into_rock
D:4:      minmay_ruined_shrine

Skill      XL: |  1  2  3  4  5 |
---------------+----------------+-----
Earth Magic    | 4 |  4.6
Spellcasting   | 3 |  3.9
Conjurations   | 1 2 |  2.2
Dodging        | |  1.5
Stealth        | |  2.1
Transmutations | |  0.7

Action                   |  1- 3 |  4- 6 || total
-------------------------+-------+-------++-------
Melee: Club              |    25 |       ||    25
 Cast: Sandblast         |    64 |    76 ||   140
  Use: Potion            |       |     1 ||     1
 Stab: Sleeping          |     2 |       ||     2
  Eat: Chunk             |     3 |     4 ||     7
Armor: Robe              |    22 |    12 ||    34
Dodge: Dodged            |    37 |    44 ||    81
